 Dungeon Crawl Stone Soup version 0.25.1-2-g60ff931df9 (webtiles) character file.

Game seed: 6702777631706935261

5737 RUZZLEFAZAZZLE the Grappler (level 10, -1/104 HPs)
             Began as a Troll Monk on Aug 25, 2020.
             Was a High Priest of Okawaru.
             Killed by the air
             ... invoked by Gastronok
              (24 damage)
             ... on level 9 of the Dungeon.
             The game lasted 00:14:46 (7605 turns).

RUZZLEFAZAZZLE the Grappler (Troll Monk)            Turns: 7605, Time: 00:14:47

Health: -1/104     AC:  6    Str: 24    XL:     10   Next: 49%
Magic:  12/12      EV:  7    Int:  6    God:    Okawaru [*****.]
Gold:   667        SH: 15    Dex: 12    Spells: 9/9 levels left

rFire    . . .     SeeInvis .     - Unarmed
rCold    . . .     Gourm    +   f - +1 tower shield
rNeg     . . .     Faith    .   a - +0 robe
rPois    .         Spirit   .   (helmet restricted)
rElec    .         Reflect  .   (no cloak)
rCorr    +         Harm     .   (gloves unavailable)
MR       +....                  (boots unavailable)
Stlth    ++........             (no amulet)
HPRegen  0.67/turn              r - ring of resist corrosion
MPRegen  0.13/turn              i - ring of protection from magic

@: no status effects
A: large, unfitting armour, claws 3, horns 1, fast metabolism 3, gourmand,
regeneration 1, screaming 1, shaggy fur 1, tough skin 3
a: Heroism, Finesse, Renounce Religion


You were on level 9 of the Dungeon.
You worshipped Okawaru.
Okawaru was extremely pleased with you.
You were completely stuffed.

You visited 2 branches of the dungeon, and saw 10 of its levels.

You collected 739 gold pieces.
You spent 72 gold pieces at shops.

Inventory:

Hand Weapons
 n - a +2 flail of protection
Armour
 a - a +0 robe (worn)
 f - a +1 tower shield (worn)
Jewellery
 i - a ring of protection from magic (right claw)
 r - a ring of resist corrosion (left claw)
 t - an uncursed ring of positive energy
Wands
 g - a wand of acid (7)
 p - a wand of iceblast (7)
Scrolls
 d - 3 scrolls of teleportation
 h - 3 scrolls of amnesia
 k - 14 scrolls of identify
 l - 4 scrolls of magic mapping
 m - a scroll of fog
 o - a scroll of immolation
 q - a scroll of enchant armour
 s - a scroll of blinking
 v - a scroll of acquirement {unknown}
Potions
 c - 5 potions of curing
 e - a potion of berserk rage
 j - a potion of haste
 u - a potion of lignification {unknown}
Comestibles
 b - 12 rations
 w - 7 chunks of flesh


   Skills:
 * Level 8.0 Fighting
 + Level 4.0 Armour
 + Level 4.8 Dodging
 - Level 1.0 Stealth
 + Level 2.4 Shields
 * Level 9.5 Unarmed Combat
 + Level 4.4 Invocations


You had 9 spell levels left.
You didn't know any spells.
Your spell library contained the following spells:

 Spells                   Type           Power        Failure   Level  Hunger
 Shock                    Conj/Air       #...         100%        1    ##.....
 Swiftness                Chrm/Air       #.......     100%        2    ###....
 Static Discharge         Conj/Air       #.......     100%        3    ####...
 Airstrike                Air            #.........   100%        4    #####..
 Lightning Bolt           Conj/Air       #.........   100%        5    ######.


Dungeon Overview and Level Annotations

Branches:
Dungeon (9/15)             Temple (1/1) D:7
   Lair: D:8-11         Orc: D:9-12

Altars:
Ashenzari
Cheibriados
Dithmenos
Elyvilon
Fedhas
Gozag
Hepliaklqana
Kikubaaqudgha
Makhleb
Nemelex Xobeh
Okawaru
Qazlal
Ru
Sif Muna
Trog
Uskayaw
Vehumet
Wu Jian
Xom
Yredelemnul
Zin
The Shining One

Shops:
D:4 =%%?:   D:5 (

Annotations:
D:9 Gastronok


Innate Abilities, Weirdness & Mutations

You are too large for most types of armour.
You have claws for hands.
Your metabolism is lightning-fast.
You like to eat raw meat.
Your natural rate of healing is unusually fast.
You are covered in fur. (AC +1)
You have extremely tough skin. (AC +3)
You have a pair of small horns on your head.
You occasionally shout uncontrollably at your foes.


Message History

You are too injured to fight recklessly!
You are too injured to fight recklessly!
You are too injured to fight recklessly!
You are too injured to fight recklessly!
You mangle Gastronok!! You headbutt Gastronok!
Gastronok is heavily wounded.
You scratch Gastronok but do no damage.
You headbutt Gastronok, but do no damage.
Gastronok is heavily wounded.
Gastronok bites you!!
* * * LOW HITPOINT WARNING * * *
You mangle Gastronok!! You headbutt Gastronok.
Gastronok is severely wounded.
You claw Gastronok! You headbutt Gastronok.
Gastronok is severely wounded.
You scratch Gastronok.
Gastronok is severely wounded.
Gastronok waves his eye-stalks in wide circles.
The air twists around and strikes you!!
You die...

...............#######
......................
......................
......................
......................
####...................
#..##+##...............
#......'.#''#######....
#.....@#.#........#....
#....w.#.#........#....
#......#.#........#....
##.....#.#........#....
#.....#.#######..#....
#....##.. ###.... #....
... ...... #.... ......
......


You could see Gastronok (swift).

Vanquished Creatures
  Joseph (D:7)
  Grinder (D:3)
  2 hippogriffs (D:9)
  7 yaks
  Edmund (D:6)
  2 water moccasins
  2 sky beasts
  An ice beast (D:7)
  2 orc warriors
  2 phantoms (D:4)
  10 ogres
  2 centaurs
  A big kobold (D:5)
  2 bullfrogs (D:6)
  4 scorpions
  A wyvern skeleton (D:6)
  4 killer bees (D:8)
  4 wights (D:9)
  3 howler monkeys
  A bullfrog zombie (D:6)
  A crimson imp (D:6)
  A hound (D:8)
  2 orc priests
  2 iguanas
  7 orc wizards
  8 worker ants
  A hound skeleton (D:6)
  9 gnolls
  7 adders
  6 shadow imps
  2 oozes
  2 adder skeletons
  2 adder zombies
  4 worms (D:2)
  4 leopard geckos
  19 orcs
  18 giant cockroaches
  28 goblins
  25 hobgoblins
  3 jackals (D:3)
  A quokka (D:7)
  A ball python skeleton (D:6)
  6 bats
  3 frilled lizards
  A jackal skeleton (D:8)
  8 kobolds
  A quokka skeleton (D:4)
  6 rats
231 creatures vanquished.

Vanquished Creatures (others)
  3 toadstools (D:6)
3 creatures vanquished.

Grand Total: 234 creatures vanquished

Notes
Turn   | Place    | Note
-------+----------+-------------------------------------------
     0 | D:1      | RUZZLEFAZAZZLE the Troll Monk began the quest for the Orb.
     0 | D:1      | Reached XP level 1. HP: 22/22 MP: 0/0
   140 | D:1      | Reached XP level 2. HP: 29/29 MP: 1/1
   692 | D:2      | Reached XP level 3. HP: 28/37 MP: 2/2
   791 | D:2      | Found a burning altar of Makhleb.
   833 | D:2      | Reached skill level 4 in Unarmed Combat
   896 | D:2      | Reached XP level 4. HP: 44/45 MP: 3/3
  1231 | D:3      | Gained mutation: You are covered in thick fur. (AC +2)
                  | [potion of mutation]
  1231 | D:3      | Gained mutation: You have large cloven feet. [potion of
                  | mutation]
  1312 | D:3      | Noticed Grinder
  1315 | D:3      | Found an iron altar of Okawaru.
  1327 | D:3      | Killed Grinder
  1327 | D:3      | Reached skill level 5 in Unarmed Combat
  1327 | D:3      | Reached XP level 5. HP: 21/55 MP: 4/4
  1327 | D:3      | Reached XP level 6. HP: 24/63 MP: 5/5
  1850 | D:4      | Found a sparkling altar of Nemelex Xobeh.
  1930 | D:4      | Found Vesic's Magic Scroll Shop.
  1938 | D:4      | Reached skill level 5 in Fighting
  1938 | D:4      | Reached skill level 6 in Unarmed Combat
  1938 | D:4      | Reached XP level 7. HP: 72/72 MP: 6/6
  1958 | D:4      | Found Atiehag's Book Shoppe.
  2032 | D:4      | Bought a scroll of identify for 24 gold pieces
  2032 | D:4      | Bought a scroll of identify for 24 gold pieces
  2032 | D:4      | Bought a scroll of identify for 24 gold pieces
  2236 | D:4      | Found Ajaysang's Food Boutique.
  2270 | D:4      | Found Isoon's Food Emporium.
  2333 | D:4      | Reached skill level 7 in Unarmed Combat
  2346 | D:4      | Found Usuxeuri's Jewellery Shoppe.
  2379 | D:4      | Found a radiant altar of Vehumet.
  2382 | D:4      | Found a shimmering blue altar of Sif Muna.
  2383 | D:4      | Found a blossoming altar of Fedhas.
  2383 | D:4      | Found a glowing golden altar of the Shining One.
  2383 | D:4      | Found a burning altar of Makhleb.
  2384 | D:4      | Found a shadowy altar of Dithmenos.
  2389 | D:4      | Reached XP level 8. HP: 83/83 MP: 7/7
  2390 | D:4      | Found a white marble altar of Elyvilon.
  2443 | D:3      | Became a worshipper of Warmaster Okawaru
  2443 | D:3      | Reached * piety under Okawaru
  2443 | D:3      | Reached ** piety under Okawaru
  2751 | D:5      | Entered Level 5 of the Dungeon
  2814 | D:5      | Found Ginejag's Weapon Boutique.
  3147 | D:5      | Reached skill level 1 in Invocations
  3196 | D:5      | Reached skill level 1 in Armour
  3977 | D:6      | Found an ancient bone altar of Kikubaaqudgha.
  3977 | D:6      | Noticed Edmund
  3986 | D:6      | Killed Edmund
  4097 | D:6      | Reached *** piety under Okawaru
  4168 | D:6      | Found an ornate altar of the Wu Jian Council.
  4209 | D:6      | Reached skill level 8 in Unarmed Combat
  4209 | D:6      | Reached XP level 9. HP: 85/92 MP: 9/9
  5164 | D:7      | Found a staircase to the Ecumenical Temple.
  5176 | Temple   | Entered the Ecumenical Temple
  5479 | D:7      | Noticed Joseph
  5492 | D:7      | Killed Joseph
  5492 | D:7      | Reached **** piety under Okawaru
  5833 | D:7      | Reached skill level 1 in Shields
  6217 | D:8      | Reached skill level 9 in Unarmed Combat
  6284 | D:8      | Lost mutation: You are covered in thick fur. (AC +2)
                  | [potion of mutation]
  6284 | D:8      | Lost mutation: You have large cloven feet. [potion of
                  | mutation]
  6284 | D:8      | Gained mutation: You occasionally shout uncontrollably at
                  | your foes. [potion of mutation]
  6284 | D:8      | Gained mutation: You have a pair of small horns on your
                  | head. [potion of mutation]
  6339 | D:8      | Reached XP level 10. HP: 102/102 MP: 11/11
  7360 | D:9      | Reached ***** piety under Okawaru
  7589 | D:9      | Noticed Gastronok
  7605 | D:9      | Killed from afar by Gastronok

Illustrated notes

Levels and vault maps discovered:
D:1:      minmay_arrival_pointy, layout_basic, chequers_jeans
D:2:      minmay_roachtagon, layout_rooms, first_ration, bloody_makhleb
D:3:      layout_rooms, okawaru_trees_2, kennysheep_minor_cross,
          small_statue_intersection, minmay_misc_feat_four_crosses, uniq_grinder
D:4:      layout_cave_pools, minitemple, nemelex_xobeh_ov_fountains_minmay,
          serial_shops, shop, nicolae_shop_temple_entry_statues_fountains, shop,
          nicolae_shop_crystal, nicolae_shop_behind_doors,
          minmay_stone_trees_large
D:5:      minmay_goblin_kobold_castle, layout_rooms, serial_glass,
          glass_columns_c, glass_columns_a, serial_shops, nicolae_shop_trees,
          zaba_anthole
D:6:      layout_gridville, lemuel_coloured_pillars_altar, old_standard_altar,
          minmay_gold_behind_fungi, kennysheep_generic_room_15, uniq_edmund
D:7:      layout_loops_ring, minmay_temple_entry_nine_rooms, uniq_joseph
D:8:      layout_basic
D:9:      layout_irregular_city, orc_0_dummy, uniq_gastronok
Temple:   chequers_temple_sunken

Skill      XL: |  1  2  3  4  5  6  7  8  9 10 |
---------------+-------------------------------+-----
Fighting       | 3 4 5 6 7 8 |  8.0
Unarmed Combat | 4 5 6 7 8 9 |  9.5
Invocations    | 2 3 4 |  4.4
Armour         | 2 3 4 |  4.0
Dodging        | 3 4 |  4.8
Shields        | 1 2 |  2.4
Stealth        | |  1.0

Action                   |  1- 3 |  4- 6 |  7- 9 | 10-12 || total
-------------------------+-------+-------+-------+-------++-------
Melee: Unarmed           |    97 |    71 |   360 |   108 ||   636
       Punch             |     1 |     4 |     3 |       ||     8
       Kick              |       |    13 |   100 |       ||   113
       Headbutt          |       |       |       |    25 ||    25
  Use: Scroll            |       |     8 |     3 |       ||    11
       Potion            |       |     6 |     4 |       ||    10
 Stab: Sleeping          |     3 |       |     3 |     1 ||     7
       Distracted        |       |       |       |     1 ||     1
  Eat: Chunk             |    14 |     9 |    41 |    12 ||    76
Armor: Robe              |    42 |    18 |    87 |    12 ||   159
Dodge: Dodged            |    61 |    25 |    67 |    14 ||   167
Block: Tower shield      |       |       |   181 |    70 ||   251
